 Dungeon Crawl Stone Soup version 0.22-a0-268-g1cc83ef (webtiles) character file.

35 Zwobot the Sneak (level 3, -3/22 HPs)
             Began as an Octopode Enchanter on Mar 9, 2018.
             Slain by a hound (4 damage)
             ... on level 2 of the Dungeon.
             The game lasted 00:04:37 (1743 turns).

Zwobot the Sneak (Octopode Enchanter)               Turns: 1743, Time: 00:04:38

Health: -3/22      AC:  1    Str:  7    XL:     3   Next: 35%
Magic:  1/6        EV: 13    Int: 17    God:
Gold:   79         SH:  0    Dex: 13    Spells: 3/6 levels left

rFire    . . .     SeeInvis .   a - +1 dagger
rCold    . . .     Gourm    .   (no shield)
rNeg     . . .     Faith    .   j - +0 hat
rPois    .         Spirit   .   (no amulet)
rElec    .         Reflect  .   (no ring)
rCorr    .         Harm     .   (no ring)
MR       .....                  (no ring)
Stlth    ++++......             (no ring)
HPRegen  0.07/turn              (no ring)
MPRegen  0.10/turn              (no ring)
                                (no ring)
                                (no ring)

@: very slightly contaminated
A: almost no armour, stealthy swim, amphibious, 8 rings, constrict 8, camouflage
1, gelatinous body 1
a: no special abilities


You were on level 2 of the Dungeon.
You were not hungry.

You visited 1 branch of the dungeon, and saw 2 of its levels.

You collected 79 gold pieces.

Inventory:

Hand Weapons
 a - a +1 dagger (weapon)
Missiles
 b - 11 poisoned needles
 e - 2 javelins
 m - 26 stones (quivered)
Armour
 j - a +0 hat (worn)
 l - a +0 shield
Jewellery
 d - a cursed ring of teleportation {unknown}
 n - a cursed ring of teleportation {unknown}
Scrolls
 g - a scroll of teleportation {unknown}
 i - a scroll of amnesia {unknown}
 o - a scroll of remove curse {unknown}
Potions
 f - a potion of curing {unknown}
 h - a potion of might {unknown}
Comestibles
 c - 2 rations
 k - 5 chunks of flesh


   Skills:
 + Level 0.5 Fighting
 * Level 1.9 Short Blades
 + Level 2.2 Dodging
 + Level 4.3 Stealth
 + Level 2.2 Spellcasting
 + Level 3.1 Hexes
 + Level 0.2 Ice Magic


You had 3 spell levels left.
You knew the following spells:

 Your Spells              Type           Power        Failure   Level  Hunger
a - Ensorcelled Hibernat  Hex/Ice        #.....       14%         2    ###....
b - Corona                Hex            ##.....      4%          1    #......


Dungeon Overview and Level Annotations

Branches:
Dungeon (2/15)

Altars:


Innate Abilities, Weirdness & Mutations

You cannot wear most types of armour.
You are very stealthy in the water. (Stealth+)
You are amphibious.
You can wear up to eight rings at the same time.
You can use your tentacles to constrict eight enemies at once.
Your skin changes colour to match your surroundings (Stealth+).
Your rubbery body absorbs attacks. (AC +1, EV +1)


Message History

The hound is severely wounded.
You constrict the hound, but do no damage.
The hound bites you but does no damage.
You hit the hound but do no damage.
The hound is severely wounded.
You constrict the hound. The hound bites you.
* * * LOW HITPOINT WARNING * * *
The hound closely misses you.
You hit the hound but do no damage.
The hound is severely wounded.
You constrict the hound. The hound bites you.
* * * LOW HITPOINT WARNING * * *
You hit the hound but do no damage.
The hound is almost dead.
You constrict the hound. The hound bites you.
* * * LOW HITPOINT WARNING * * *
You hit the hound but do no damage.
The hound is almost dead.
You constrict the hound. The hound bites you.
You die...

##.#.#.#######
#....#...# ......
#..#####.# ...... #..#
#.# #.....#
#..#####.##.......
#######..#.............#
.........#...........#
######...#...........#
..#...#......@....#
#.#...#####.##h#### .#
#.#.........# ... .#
#.#.#.#####.# ..... .#
#.#.#.# ### .......
.###.#.#.# .......
.##....#.# .....$.
.###.###.# #....?.
.###.###.##### ....


You could see a hound.

Vanquished Creatures
  An adder (D:2)
  A dart slug (D:2)
  A leopard gecko (D:1)
  A ball python (D:1)
  2 giant cockroaches
  3 goblins
  3 hobgoblins
  A kobold (D:1)
  5 bats
  A frilled lizard (D:1)
  3 rats
22 creatures vanquished.

Notes
Turn   | Place    | Note
-------+----------+-------------------------------------------
     0 | D:1      | Zwobot the Octopode Enchanter began the quest for the Orb.
     0 | D:1      | Reached XP level 1. HP: 11/11 MP: 3/3
   374 | D:1      | Reached XP level 2. HP: 12/17 MP: 5/5
   560 | D:1      | Learned a level 2 spell: Ensorcelled Hibernation
  1481 | D:2      | Reached XP level 3. HP: 21/22 MP: 6/6
  1742 | D:2      | HP: 1/22 [hound (2)]
  1743 | D:2      | Slain by a hound

Vault maps used:
D:1:      dpeg_arrival_oval, minmay_misc_feat_tiny
D:2:      columned_hall_lemuel, grunt_decor_arrowhead

Action                   || total
-------------------------++-------
Melee: Dagger            ||    42
       Constrict         ||     8
       Tentacles         ||     5
Throw: Javelin           ||     1
 Cast: Corona            ||     1
       Ensorcelled Hiber ||     7
 Stab: Sleeping          ||    12
  Eat: Chunk             ||     3
Armor: Skin              ||     7
Dodge: Dodged            ||    26

Table legend:
 A = Spawn XP
 B = Non-spawn XP
 C = Spawn XP percentage of total XP
 D = Spawn monster count
 E = Non-spawn monster count
 F = Spawn count percentage of total count
 G = Total turns spent on level
                    A         B        C        D         E        F      G
               +---------+---------+-------+---------+---------+-------+---------
         Total |       0 |      51 |   0.0 |       0 |      22 |   0.0 |  1743
               +---------+---------+-------+---------+---------+-------+---------
           D:1 |       0 |      22 |   0.0 |       0 |      13 |   0.0 |  1301
           D:2 |       0 |      29 |   0.0 |       0 |       9 |   0.0 |   442
               +---------+---------+-------+---------+---------+-------+---------
